 Dungeon Crawl Stone Soup version 0.29-a0-923-g6e406bff71 (webtiles) character file.

Game seed: 15764632210097279269

108611 frimble the Carver (level 16, -9/122 HPs)
             Began as a Demonspawn Hedge Wizard on July 27, 2022.
             Was a High Priest of Cheibriados.
             Killed from afar by a deep elf zephyrmancer (29 damage)
             ... with a bolt of lightning
             ... on level 1 of the Elven Halls.
             The game lasted 00:45:06 (29791 turns).

frimble the Carver (Demonspawn Hedge Wizard)       Turns: 29791, Time: 00:45:06

Health: -9/122     AC: 15    Str: 25    XL:     16   Next: 3%
Magic:  19/24      EV: 19    Int: 38    God:    Cheibriados [*****.]
Gold:   633        SH: 14    Dex: 29    Spells: 12/21 levels left

rFire   . . .      SeeInvis .   a - +8 Vampire's Tooth {vamp}
rCold   + . .      Faith    .   U - +0 kite shield {reflect}
rNeg    . . .      Spirit   .   T - +0 troll leather armour
rPois   .          Reflect  +   i - +1 hat
rElec   .          Harm     .   E - +2 cloak {Will+}
rCorr   .          Rampage  .   t - +0 pair of gloves {Stlth+}
Will    ++...                   h - +0 pair of boots
Stlth   ++++......              R - amulet of regeneration
HPRegen 1.90/turn               I - +6 ring of intelligence
MPRegen 0.19/turn               o - +4 ring of slaying

@: studying Shields, very slow
A: horns 2, icy blue scales 3, demonic guardian 1, spiny 3
a: Renounce Religion, Bend Time, Temporal Distortion, Slouch, Step From Time


You were on level 1 of the Elven Halls.
You worshipped Cheibriados.
Cheibriados was extremely pleased with you.
You visited 5 branches of the dungeon, and saw 24 of its levels.

You collected 2109 gold pieces.
You spent 1476 gold pieces at shops.

Inventory:

Hand Weapons
 a - the +8 Vampire's Tooth (weapon) {vamp}
   (You took it off an orc priest on level 11 of the Dungeon)

   It occasionally heals its wielder for the full amount of damage dealt when it
   wounds a living foe.
 F - a +4 scimitar of flaming
Missiles
 C - a throwing net (quivered)
Armour
 c - the +0 chain mail of Misanthropy {rF+ rC++ Str+4 Dex-4}
   (You found it on level 10 of the Dungeon)

   Str:       It affects your strength (+4).
   Dex:       It affects your dexterity (-4).
   rF:        It protects you from fire.
   rC:        It greatly protects you from cold.
 h - a +0 pair of boots (worn)
 i - a +1 hat (worn)
 t - a +0 pair of gloves of stealth (worn)
 E - a +2 cloak of willpower (worn)
 H - a +2 robe of willpower
 T - a +0 troll leather armour (worn)
 U - a +0 kite shield of reflection (worn)
Jewellery
 l - a ring of resist corrosion
 o - a +4 ring of slaying (right hand)
 D - a ring of ice
 I - a +6 ring of intelligence (left hand)
 O - an amulet of the acrobat
 Q - a ring of see invisible
 R - an amulet of regeneration (around neck)
Wands
 L - a wand of digging (1)
 M - a wand of flame (13)
Scrolls
 b - 2 scrolls of amnesia
 f - 2 scrolls of butterflies
 j - a scroll of brand weapon
 n - 12 scrolls of teleportation
 z - a scroll of silence
 G - 3 scrolls of enchant weapon
 J - 3 scrolls of identify
 N - 2 scrolls of immolation
 S - a scroll of blinking
Potions
 d - 2 potions of magic
 e - 5 potions of cancellation
 g - 5 potions of haste
 k - a potion of invisibility
 m - 5 potions of heal wounds
 p - 6 potions of brilliance
 q - 6 potions of resistance {unknown}
 r - 16 potions of curing
 s - 6 potions of degeneration {unknown}
 u - a potion of lignification
 v - 6 potions of attraction
 w - 4 potions of mutation {unknown}
 x - 3 potions of ambrosia
 A - 7 potions of flight
 B - 4 potions of might
 K - a potion of berserk rage {unknown}
Miscellaneous
 P - a tin of tremorstones (inert)


   Skills:
 - Level 10.1 Fighting
 - Level 1.1(8.3) Short Blades
 - Level 12.9 Long Blades
 - Level 6.0 Armour
 - Level 8.0 Dodging
 - Level 4.0 Stealth
 + Level 10.1 Shields
 - Level 3.0 Spellcasting
 - Level 1.1 Conjurations
 - Level 1.1 Summonings
 - Level 7.0 Translocations
 + Level 8.1 Transmutations
 + Level 8.1 Earth Magic
 - Level 11.0 Invocations
 - Level 8.0 Evocations


You had 12 spell levels left.
You knew the following spells:

 Your Spells              Type           Power      Damage    Failure   Level
a - Magic Dart            Conj           56%        1d5       7%          1
b - Blink                 Tloc           100%       N/A       1%          2
c - Statue Form           Tmut/Erth      40%        N/A       50%         6

Your spell library contained the following spells:

 Spells                   Type           Power      Damage    Failure   Level
 Passwall                 Tmut/Erth      50%        N/A       1%          2
 Stone Arrow              Conj/Erth      82%        3d12      4%          3
 Call Imp                 Summ           14%        N/A       10%         2
 Lee's Rapid Deconstruct  Erth           30%        3d17*     10%         5
 Slow                     Hex            20%        N/A       11%         1
 Ensorcelled Hibernation  Hex/Ice        10%        N/A       16%         2
 Animate Armour           Summ/Erth      82%        N/A       16%         4
 Leda's Liquefaction      Hex/Erth       18%        N/A       19%         4
 Conjure Flame            Conj/Fire      10%        6-21      26%         3
 Mephitic Cloud           Conj/Pois/Air  8%         N/A       26%         3
 Ozocubu's Armour         Ice            5%         N/A       30%         3
 Swiftness                Air            5%         N/A       30%         3
 Ozocubu's Refrigeration  Ice            2%         4d5       100%        7
 Lehudib's Crystal Spear  Conj/Erth      20%        10d6      100%        8


Dungeon Overview and Level Annotations

Branches:
Dungeon (15/15)            Temple (1/1) D:4            Lair (5/5) D:10
 Shoals (0/4) Lair:2        Snake (0/4) Lair:2        Slime (0/5) Lair:4
    Orc (2/2) D:11            Elf (1/3) Orc:2        Vaults (0/5) D:13
 Depths (0/4) D:15

Altars:
Cheibriados
Fedhas
Gozag
Nemelex Xobeh
Okawaru
Ru
Sif Muna
Trog
Uskayaw
Vehumet
Wu Jian
Xom

Shops:
D:3 (   D:4 :   D:5 *   D:6 :([   D:9 !   D:13 :   Orc:2 ==[([

Annotations:
D:3 diggie
D:6 2 runed translucent doors, SirDiesAlot's ghost, novice DEEE
D:8 1 exclusion
D:14 1 runed translucent door, Jekitz's ghost, journeyman MiBe
Lair:1 exclusion: oklob plant
Lair:2 3 runed translucent doors, Coguiqiqih's ghost, journeyman DrCA
Elf:1 Azrael; Roxanne


Innate Abilities, Weirdness & Mutations

You have a pair of horns on your head.
You are completely covered in icy blue scales. (AC +4, rC+)
A weak demonic guardian rushes to your aid.
You are completely covered in sharp spines.


Message History

You are too injured to fight recklessly!
You are too injured to fight recklessly!
Okay, then.
Unknown command.
Aiming: Mindburst
Press: ? - help, Shift-Dir - straight line, f - Azrael
Aim: Azrael, wielding a +1 scimitar of flaming (moderately wounded, chance to affect: 76%) Azrael's mind is blasted!!
The now-empty wand crumbles to dust.
Your orange demon stings the deep elf zephyrmancer!
Your orange demon barely misses the deep elf zephyrmancer.
Azrael is struck by your spines. Azrael hits you but does no damage.
The deep elf zephyrmancer gestures at you while chanting.
The bolt of lightning hits your orange demon!!
The bolt of lightning hits you!! x2
* * * LOW HITPOINT WARNING * * *
The bolt of lightning hits your orange demon!!
Your orange demon dies!
Your orange demon disappears in a puff of smoke!
Activating: Slouch (1% risk of failure)
Press: ? - help, Dir - look around, f - activate You can feel time thicken for a moment.
You kill the deep elf zephyrmancer!
Cheibriados appreciates the change of pace.
Azrael gestures at you. The bolt of fire hits you.
* * * LOW HITPOINT WARNING * * *
The deep elf zephyrmancer mumbles some strange words.
The deep elf zephyrmancer blinks!
You feel much better. Azrael gestures at you.
The fireball explodes!
The fireball engulfs you!!
* * * LOW HITPOINT WARNING * * *
A demonic guardian appears!
The fireball engulfs Azrael.
Azrael completely resists.
The fireball engulfs your rust devil.
Your rust devil completely resists.
The deep elf zephyrmancer gestures at you while chanting.
The bolt of lightning hits your rust devil.
Your rust devil resists.
The bolt of lightning hits you!!
You die...

# ...
...3#####################
....○☼°#@4e).............
☼...§..R#################
§##....e....... #....
##...)####### .....
#)..## ...>. #..## >....
.... ..... #..# ..... #.#
.....


You could see Azrael (distracted), a deep elf pyromancer, a deep elf
zephyrmancer (ally target) and a friendly rust devil (summoned).

Vanquished Creatures
  Rupert (D:13)
  Frances (D:14)
  Gastronok (D:10)
  Donald (Elf:1)
  An ironbound preserver (D:13)
  A dire elephant (Lair:5)
  The ghost of dang3rdave the Geomancer, a journeyman GrTm of Sif Muna (Orc:2)
  A deep elf demonologist (Elf:1)
  Josephine (D:11)
  5 hydras
  Erolcha (D:10)
  3 catoblepae
  5 boulder beetles
  8 centaur warriors
  2 dancing weapons (Elf:1)
  Erica (D:8)
  5 two-headed ogres
  9 death yaks (Lair:5)
  A deep troll shaman (Lair:5)
  3 orc high priests
  2 tengu warriors (D:15)
  A skeletal warrior (D:12)
  A swamp dragon (shapeshifter) (D:15)
  A deep elf archer (Elf:1)
  6 deep elf zephyrmancers (Elf:1)
  7 orc knights (Orc:2)
  17 ugly things
  7 cyclopes
  4 deep elf pyromancers
  8 manticores
  A moth of wrath (Orc:2)
  A salamander (D:15)
  4 orc sorcerers
  4 elephants (Lair:5)
  Maurice (D:13)
  Joseph (D:10)
  7 black mambas
  18 cane toads
  5 rime drakes
  Maggie (D:6)
  13 komodo dragons
  3 gargoyles
  5 kobold demonologists
  A yaktaur (D:15)
  A tengu conjurer (D:15)
  A freezing wraith (D:14)
  3 meliai (D:15)
  4 polar bears
  11 trolls
  A queen bee (D:11)
  A hornet (shapeshifter) (D:12)
  A raiju (shapeshifter) (D:12)
  14 slime creatures
  5 dream sheep (Lair:5)
  9 blink frogs (Lair:5)
  A water elemental (Elf:1)
  12 wraiths
  13 yaks
  4 wyverns
  6 fire bats (Lair:5)
  A shadow (D:10)
  A yak (shapeshifter) (D:15)
  4 steam dragons
  7 basilisks
  2 fire elementals
  Grum (D:10)
  4 vampire mosquitoes (D:14)
  11 wargs (Orc:2)
  3 acid dragons
  5 nagas (Lair:2)
  18 water moccasins
  3 hell hounds (Elf:1)
  2 ice beasts
  39 orc warriors
  2 black bears
  4 sky beasts
  7 ogres
  A boggart (shapeshifter) (Elf:1)
  23 wolves
  16 centaurs
  4 kobold brigands
  A necrophage (D:6)
  10 bullfrogs
  A gnoll sergeant (D:10)
  A scorpion (D:5)
  4 wights (D:8)
  17 killer bees (D:11)
  2 electric eels (Lair:5)
  2 howler monkeys (D:8)
  2 lava snakes
  3 jellies
  2 gnoll boudas
  14 orc priests
  3 hounds
  19 orc wizards
  2 hell rats (Lair:2)
  A boggart simulacrum (D:15)
  16 gnolls
  10 river rats (Lair:2)
  8 adders
  2 white imps
  2 ufetubi
  3 worms
  5 dart slugs
  76 orcs
  8 ball pythons
  8 endoplasms
  6 giant cockroaches
  10 goblins
  7 hobgoblins
  8 jackals
  27 kobolds
  2 quokkas (D:4)
  4 bats
  6 frilled lizards
  10 rats
718 creatures vanquished.

Vanquished Creatures (collateral kills)
  A slime creature (D:13)
  An orc priest (D:12)
2 creatures vanquished.

Vanquished Creatures (others)
  A fire elemental (Elf:1)
  A warg (Orc:2)
  17 fungi
  40 plants
59 creatures vanquished.

Grand Total: 779 creatures vanquished

Notes
Turn   | Place    | Note
-------+----------+-------------------------------------------
     0 | D:1      | frimble the Demonspawn Hedge Wizard began the quest for the
                  | Orb.
     0 | D:1      | Reached XP level 1. HP: 13/13 MP: 4/4
    76 | D:1      | Reached skill level 1 in Translocations
   238 | D:1      | Gained mutation: You are partially covered in icy blue
                  | scales. (AC +2) [demonic ancestry]
   238 | D:1      | Reached XP level 2. HP: 12/19 MP: 1/6
   673 | D:1      | Reached skill level 1 in Short Blades
  1246 | D:1      | Gained mutation: You are mostly covered in icy blue scales.
                  | (AC +3) [demonic ancestry]
  1246 | D:1      | Reached XP level 3. HP: 24/24 MP: 3/7
  1915 | D:2      | Reached skill level 1 in Long Blades
  2449 | D:2      | Reached XP level 4. HP: 30/30 MP: 4/8
  3246 | D:3      | Reached skill level 1 in Fighting
  3250 | D:3      | Learned a level 2 spell: Blink
  3434 | D:3      | Found Exzeuduech's Weapon Shoppe.
  3553 | D:3      | Found a shimmering altar of Xom.
  3728 | D:4      | Reached skill level 2 in Long Blades
  3805 | D:4      | Gained mutation: You are partially covered in sharp spines.
                  | [demonic ancestry]
  3805 | D:4      | Reached XP level 5. HP: 27/37 MP: 9/9
  3923 | D:4      | Found Pypaed's Book Shop.
  4126 | D:4      | Found a hide-covered altar of Uskayaw.
  4351 | D:4      | Reached XP level 6. HP: 43/46 MP: 6/10
  4424 | D:4      | Found a staircase to the Ecumenical Temple.
  4434 | Temple   | Entered the Ecumenical Temple
  4501 | Temple   | Became a worshipper of Cheibriados the Contemplative
  4649 | D:4      | Noticed a water moccasin
  4674 | D:5      | Entered Level 5 of the Dungeon
  4700 | D:5      | Noticed an ice beast
  4757 | D:5      | Noticed a water moccasin
  4791 | D:5      | Reached skill level 3 in Long Blades
  4833 | D:5      | Killed a water moccasin
  5266 | D:5      | Gained mutation: You are mostly covered in sharp spines.
                  | [demonic ancestry]
  5266 | D:5      | Reached XP level 7. HP: 35/52 MP: 6/11
  5494 | D:5      | Found Fiuddor's Assorted Antiques.
  5500 | D:5      | Bought a scroll labelled NOFIKK DASCH for 23 gold pieces
  5500 | D:5      | Bought a fuming silvery potion for 20 gold pieces
  5500 | D:5      | Bought 2 white potions for 41 gold pieces
  5739 | D:5      | Found a shimmering blue altar of Sif Muna.
  5828 | D:5      | Reached skill level 4 in Long Blades
  5828 | D:5      | Reached skill level 1 in Shields
  5916 | D:4      | Reached * piety under Cheibriados
  6071 | D:6      | Gained mutation: You are completely covered in icy blue
                  | scales. (AC +4, rC+) [demonic ancestry]
  6071 | D:6      | Reached XP level 8. HP: 56/61 MP: 9/12
  6463 | D:6      | Noticed Maggie
  6465 | D:6      | Found Ewoegh's Antique Armour Emporium.
  6485 | D:6      | Killed Maggie
  6486 | D:6      | Reached skill level 5 in Fighting
  6490 | D:6      | You fall into a shaft and drop 1 floor!
  6726 | D:7      | Reached skill level 5 in Long Blades
  6765 | D:7      | Identified the ring "Xebbol" {rF- rC+ rCorr Str+5 Slay-5}
  7132 | D:6      | Found a large runed translucent door.
  7132 | D:6      | Found a large runed translucent door.
  7134 | D:6      | Noticed SirDiesAlot's ghost (novice DEEE)
  7296 | D:6      | Reached ** piety under Cheibriados
  7330 | D:6      | Found Wastra's Book Shoppe.
  7344 | D:6      | Reached skill level 5 in Translocations
  7459 | D:6      | Found Pahus's Weapon Shoppe.
  7676 | D:8      | Noticed Erica
  7796 | D:9      | Reached XP level 9. HP: 39/68 MP: 13/13
  7822 | D:9      | Reached skill level 6 in Long Blades
  8085 | D:9      | Reached skill level 7 in Long Blades
  8335 | D:9      | Reached skill level 8 in Long Blades
  8461 | D:9      | Reached *** piety under Cheibriados
  8484 | D:9      | Reached skill level 9 in Long Blades
  8899 | D:9      | Found Quuk's Distillery.
  8907 | D:9      | Bought a potion of curing for 33 gold pieces
  8907 | D:9      | Bought a potion of curing for 33 gold pieces
  9381 | D:10     | Entered Level 10 of the Dungeon
  9386 | D:10     | Noticed Grum
  9391 | D:10     | Reached skill level 1 in Invocations
  9391 | D:10     | Reached XP level 10. HP: 76/76 MP: 14/14
  9411 | D:10     | Killed Grum
  9783 | D:10     | Noticed Gastronok
  9840 | D:10     | Identified the +0 chain mail of Misanthropy {rF+ rC++ Str+4
                  | Dex-4}
  9977 | D:8      | Reached skill level 1 in Armour
 10145 | D:8      | Killed Erica
 10673 | D:8      | Found an opulent altar of Gozag.
 10822 | D:10     | Reached skill level 5 in Armour
 10894 | D:10     | Noticed a gargoyle
 10899 | D:10     | Killed a gargoyle
 10899 | D:10     | Reached **** piety under Cheibriados
 11066 | D:10     | Found a staircase to the Lair.
 11071 | Lair:1   | Entered Level 1 of the Lair of Beasts
 11317 | Lair:1   | Noticed a cane toad
 11322 | Lair:1   | Killed a cane toad
 11438 | Lair:2   | Noticed a cane toad
 11445 | Lair:2   | Killed a cane toad
 11446 | Lair:2   | Reached skill level 5 in Invocations
 11699 | Lair:2   | Reached XP level 11. HP: 69/81 MP: 15/15
 12757 | Lair:2   | Found a staircase to the Shoals.
 13098 | Lair:2   | Found a runed translucent gate.
 13098 | Lair:2   | Found a runed translucent gate.
 13098 | Lair:2   | Found a runed translucent gate.
 13099 | Lair:2   | Noticed an 11-headed hydra
 13099 | Lair:2   | Noticed an 11-headed hydra
 13100 | Lair:2   | Noticed Coguiqiqih's ghost (journeyman DrCA)
 13267 | Lair:2   | Found a staircase to the Snake Pit.
 13723 | Lair:3   | Reached skill level 10 in Long Blades
 14137 | Lair:3   | Reached ***** piety under Cheibriados
 14513 | Lair:3   | Noticed a five-headed hydra
 14522 | Lair:3   | Killed a one-headed hydra
 16128 | Lair:1   | Gained mutation: You are completely covered in sharp
                  | spines. [demonic ancestry]
 16128 | Lair:1   | Reached XP level 12. HP: 91/91 MP: 18/18
 16130 | Lair:1   | Found a sacrificial altar of Ru.
 16394 | Lair:4   | Found a staircase to the Slime Pits.
 17233 | Lair:4   | Reached skill level 5 in Dodging
 17681 | Lair:5   | Entered Level 5 of the Lair of Beasts
 17687 | Lair:5   | Reached skill level 11 in Long Blades
 17914 | Lair:5   | Reached skill level 10 in Invocations
 18805 | Lair:5   | Noticed a catoblepas
 18829 | Lair:5   | Killed a catoblepas
 18831 | Lair:5   | Gained mutation: You have a pair of small horns on your
                  | head. [demonic ancestry]
 18831 | Lair:5   | Reached XP level 13. HP: 34/101 MP: 21/21
 20282 | Lair:5   | Reached skill level 12 in Long Blades
 20287 | Lair:5   | Reached skill level 10 in Fighting
 20700 | Lair:5   | Reached skill level 5 in Evocations
 21093 | Lair:5   | Noticed a dire elephant
 21270 | Lair:5   | Killed a dire elephant
 21842 | D:10     | Noticed Erolcha
 21851 | D:10     | Killed Erolcha
 22089 | D:10     | Noticed Joseph
 22097 | D:10     | Killed Joseph
 22405 | D:10     | Killed Gastronok
 22442 | D:11     | Found a staircase to the Orcish Mines.
 22686 | D:11     | Reached ****** piety under Cheibriados
 22728 | D:11     | Noticed Josephine
 22737 | D:11     | Killed Josephine
 22741 | D:11     | Gained mutation: A weak demonic guardian rushes to your
                  | aid. [demonic ancestry]
 22741 | D:11     | Reached XP level 14. HP: 100/110 MP: 22/22
 23318 | D:11     | Reached skill level 5 in Shields
 23454 | D:11     | Learned a level 6 spell: Statue Form
 23937 | D:12     | Reached skill level 1 in Transmutations
 23937 | D:12     | Reached skill level 1 in Earth Magic
 24945 | D:13     | Noticed Rupert
 24945 | D:13     | Noticed Maurice
 25002 | Orc:1    | Entered Level 1 of the Orcish Mines
 25047 | Orc:1    | Paralysed by an orc sorcerer for 4 turns
 25559 | Orc:2    | Entered Level 2 of the Orcish Mines
 25710 | Orc:2    | Paralysed by an orc sorcerer for 2 turns
 25959 | Orc:2    | Found Umodar's Antique Armour Shop.
 25959 | Orc:2    | Found Hikhung's Weapon Emporium.
 26203 | Orc:2    | Found a staircase to the Elven Halls.
 26234 | Orc:2    | Found a transporter.
 26239 | Orc:2    | Noticed dang3rdave's ghost (journeyman GrTm)
 26644 | Orc:2    | Found a transporter.
 26702 | Orc:2    | Found Jiyroser's Armour Shop.
 26702 | Orc:2    | Found Moq Irahoka's Jewellery Emporium.
 26780 | Orc:2    | Found Uvuh's Jewellery Shop.
 26948 | Orc:2    | Bought a +4 ring of slaying for 1326 gold pieces
 27083 | D:13     | Found Xynees's Book Shoppe.
 27090 | D:13     | Reached skill level 5 in Transmutations
 27090 | D:13     | Reached skill level 5 in Earth Magic
 27090 | D:13     | Reached XP level 15. HP: 86/115 MP: 12/23
 27129 | D:13     | Killed Maurice
 27176 | D:13     | Killed Rupert
 27447 | D:13     | Found a gate to the Vaults.
 27681 | D:14     | Identified the +2 scale mail of Plog {*Slow rF+ Will+
                  | Int+2}
 28137 | D:14     | Found a runed translucent door.
 28223 | D:14     | Noticed Frances
 28261 | D:14     | Killed Frances
 28281 | D:14     | Identified the +0 scale mail of the Engineer {rElec rN+
                  | Dex-2}
 28328 | D:14     | Noticed Jekitz's ghost (journeyman MiBe)
 28355 | D:15     | Entered Level 15 of the Dungeon
 28926 | D:15     | Found a staircase to the Depths.
 29486 | Orc:2    | Killed dang3rdave's ghost
 29487 | Orc:2    | Identified the amulet "Tyaho" {Acrobat *Corrode rPois
                  | Regen+ Dex+4}
 29541 | Elf:1    | Entered Level 1 of the Elven Halls
 29541 | Elf:1    | Noticed Donald
 29545 | Elf:1    | Killed Donald
 29659 | Elf:1    | Identified Roxanne's Treatise on Shaping
 29659 | Elf:1    | Noticed Roxanne
 29755 | Elf:1    | Noticed Azrael
 29777 | Elf:1    | Reached skill level 10 in Shields
 29777 | Elf:1    | Gained mutation: You have a pair of horns on your head.
                  | [demonic ancestry]
 29777 | Elf:1    | Reached XP level 16. HP: 122/122 MP: 24/24
 29791 | Elf:1    | Killed from afar by a deep elf zephyrmancer

Illustrated notes

Levels and vault maps discovered:
D:1:      erik_arrival_blinker_ship, layout_basic
D:2:      layout_basic, minmay_circled_x
D:3:      layout_loops_ring, nicolae_overflow_crystal_walls, serial_shops, shop,
          item_on_display_a
D:4:      layout_rooms, nicolae_uskayaw_suspiria, minmay_temple_entry_poolview,
          kennysheep_windowed_goal
D:5:      layout_basic, gammafunk_temple_overflow_wave, serial_shops, shop
D:6:      layout_basic, serial_shops, shop, shop, shop,
          ebering_ghost_disaster_area, dreamdust_wishing_well, uniq_maggie
D:7:      layout_cave_pods, chequers_decorated_corner, uniq_prince_ribbit1
D:8:      kennysheep_big_flooded_room, layout_cave_pools,
          grunt_gozag_breadcrumbs, uniq_erica
D:9:      layout_layer_cave, serial_shops, shop, serial_park_tiny_1,
          minmay_misc_feat_alley, grunt_decor_junction, hangedman_misty_isle
D:10:     layout_roguey, lair_entry_dummy, uniq_erolcha, uniq_joseph, uniq_grum,
          uniq_gastronok
D:11:     minmay_octagon_keep, layout_cave_pools, orc_0_dummy, minivault_7,
          uniq_josephine
D:12:     layout_small_grid, special_room [special_room_orc],
          minmay_shattered_shrine
D:13:     layout_rooms, skrybe_vaults_entry_preservation, serial_shops, shop,
          uniq_rupert, uniq_maurice
D:14:     layout_roguey, minmay_fountain_box, ebering_ghost_reflecting_pool,
          uniq_frances
D:15:     hangedman_depths_entry_try_elsewhere_first, layout_loops_corners,
          grunt_decor_arrowhead
Temple:   minmay_crystal_spiral_temple
Lair:1:   layout_layer_cave, special_room, nicolae_lair_grove_arrangements,
          minivault_23, lemuel_oklob_altar, grunt_megastairs_5
Lair:2:   layout_cellular_growth, elwin_shoals_entry_rocks,
          minmay_snake_entry_guardpost_medium, gammafunk_ghost_hydra_chop,
          kennysheep_rathole, lemuel_fruit_fields
Lair:3:   layout_chaotic_city
Lair:4:   layout_loops_ring, slime_entry_1, lemuel_fruit_fields
Lair:5:   grunt_lair_end_beastmaster, layout_gridlike, st_stairs_6,
          grunt_megastairs_4, lemuel_fruit_tree, infiniplex_staircase_pool,
          serial_bayou_shore_b
Orc:1:    layout_diamond_mine
Orc:2:    st_orc_town, layout_diamond_mine, gammafunk_ghost_berserking_beasts,
          minmay_shop_enchanted_jewellery
Elf:1:    minmay_elf_arrival_circle, layout_rooms, minmay_elf_demonology,
          minmay_shop_star, uniq_roxanne, uniq_donald, uniq_azrael

Skill      XL: |  1  2  3  4  5  6  7  8  9 10 11 12 13 14 15 |
---------------+----------------------------------------------+-----
Translocations | 1 2 3 4 5 6 7 |  7.0
Dodging        | 2 3 4 6 8 |  8.0
Short Blades   | 1 |  1.1
Long Blades    | 1 2 3 4 5 9 10 11 12 | 12.9
Fighting       | 1 2 3 4 5 6 7 9 10 | 10.1
Shields        | 1 3 4 7 10 | 10.1
Evocations     | 2 3 6 8 |  8.0
Invocations    | 1 5 8 11 | 11.0
Armour         | 6 |  6.0
Stealth        | 4 |  4.0
Transmutations | 5 8 |  8.1
Earth Magic    | 5 8 |  8.1
Spellcasting   | |  3.0
Conjurations   | |  1.1
Summonings     | |  1.1

Action                   |  1- 3 |  4- 6 |  7- 9 | 10-12 | 13-15 | 16-18 || total
-------------------------+-------+-------+-------+-------+-------+-------++-------
Melee: Dagger            |    52 |       |     1 |       |       |       ||    53
       Falchion          |    62 |   210 |   285 |    13 |       |       ||   570
       Punch             |     3 |       |     5 |     6 |     8 |       ||    22
       Scimitar          |       |       |     1 |   402 |   270 |       ||   673
       Headbutt          |       |       |       |       |   460 |     3 ||   463
       Quick blade       |       |       |       |       |  1172 |     8 ||  1180
Throw: Throwing net      |       |       |       |       |     2 |       ||     2
 Cast: Magic Dart        |    36 |    25 |    37 |    10 |    13 |       ||   121
       Blink             |       |     1 |     1 |     5 |     6 |       ||    13
       Statue Form       |       |       |       |       |     1 |       ||     1
Invok: Slouch            |       |       |       |     5 |    16 |     1 ||    22
       Step From Time    |       |       |       |       |     1 |       ||     1
Evoke: Wand              |       |       |       |    14 |    27 |     1 ||    42
       Tin of tremorston |       |       |       |       |     5 |       ||     5
  Use: Scroll            |       |     8 |    11 |     4 |     8 |       ||    31
       Potion            |       |     1 |       |       |     6 |     1 ||     8
 Stab: Sleeping          |     4 |    11 |     5 |     1 |     8 |       ||    29
       Paralysed         |       |       |       |     2 |     3 |       ||     5
       Petrified         |       |       |       |     4 |     2 |       ||     6
       Distracted        |       |       |       |       |     5 |       ||     5
       Held in net/web   |       |       |       |       |     2 |       ||     2
       Petrifying        |       |       |       |       |     2 |       ||     2
Armor: Robe              |    28 |    69 |    31 |       |       |       ||   128
       Steam dragon scal |       |       |    64 |     8 |       |       ||    72
       Chain mail        |       |       |       |   218 |   190 |       ||   408
       Troll leather arm |       |       |       |       |    81 |     1 ||    82
       Skin              |       |       |       |       |     4 |       ||     4
Dodge: Dodged            |    66 |   152 |   157 |   175 |   505 |     4 ||  1059
Block: Other             |       |       |    59 |    84 |   119 |       ||   262
       Reflection        |       |       |     2 |     2 |    22 |       ||    26
       Kite shield       |       |       |       |       |   404 |     1 ||   405

Table legend: (Time is in decaauts)
 A = Elapsed time spent in this place.
 B = Non-inter-level travel time spent in this place.
 C = Inter-level travel time spent in this place.
 D = Time resting spent in this place.
 E = Time spent auto-exploring this place.
 F = Levels seen in this place.
 G = Mean time per level.
                   A        B        C        D        E       F      G
               +--------+--------+--------+--------+--------+-----+--------+
         Total |  38634 |  36560 |   2074 |   1179 |  30113 |  24 | 1609.8 |
       Dungeon |  21304 |  20217 |   1087 |    551 |  16496 |  15 | 1420.3 |
        Temple |    114 |     62 |     52 |      0 |     53 |   1 |  114.0 |
          Lair |  14052 |  13447 |    605 |    491 |  11649 |   5 | 2810.4 |
  Orcish Mines |   2793 |   2464 |    329 |    137 |   1643 |   2 | 1396.5 |
   Elven Halls |    368 |    368 |      0 |      0 |    270 |   1 |  368.0 |
               +--------+--------+--------+--------+--------+-----+--------+

Top non-repeatable levels by time:
  Lair:5: 4169 daAuts
  Lair:2: 3627 daAuts
  Lair:4: 2525 daAuts
     D:9: 2464 daAuts
   Orc:2: 2064 daAuts
    D:10: 2034 daAuts
  Lair:1: 1968 daAuts
    D:11: 1935 daAuts
  Lair:3: 1762 daAuts
    D:12: 1718 daAuts
    D:15: 1711 daAuts
     D:1: 1495 daAuts
     D:2: 1408 daAuts
     D:4: 1314 daAuts
     D:5: 1225 daAuts
